 Dungeon Crawl Stone Soup version 0.29.1-1-gd02db6906a (webtiles) character file.

Game seed: 6880336801164614743

428 Demigod47 the Cudgeller (level 6, -2/56 HPs)
             Began as a Minotaur Fighter on Oct 18, 2022.
             Slain by an ogre
             ... wielding a +0 giant club
              (11 damage)
             ... on level 4 of the Dungeon.
             The game lasted 00:04:29 (1855 turns).

Demigod47 the Cudgeller (Minotaur Fighter)          Turns: 1855, Time: 00:04:30

Health: -2/56      AC: 13    Str: 20 (22) XL:     6   Next: 65%
Magic:  5/5        EV:  7    Int:  4 (5)  God:
Gold:   148        SH:  4    Dex:  8 (10) Spells: 5/5 levels left

rFire   + + .      SeeInvis .   a - +0 flail
rCold   . . .      Faith    .   c - +0 buckler
rNeg    . . .      Spirit   .   s - +0 chain mail
rPois   .          Reflect  .   (helmet restricted)
rElec   .          Harm     .   u - +0 cloak
rCorr   .          Rampage  .   q - +0 pair of gloves
Will    .....                   t - +0 pair of boots
Stlth   ..........              f - amulet of regeneration
HPRegen 0.98/turn               g - ring of protection from fire
MPRegen 0.09/turn               o - ring of protection from fire

@: no status effects
A: horns 2, retaliatory headbutt
a: no special abilities


You were on level 4 of the Dungeon.
You visited 1 branch of the dungeon, and saw 4 of its levels.

You collected 148 gold pieces.

Inventory:

Hand Weapons
 a - a +0 flail (weapon)
Missiles
 i - a throwing net (quivered)
Armour
 c - a +0 buckler (worn)
 q - a +0 pair of gloves (worn)
 s - a +0 chain mail (worn)
 t - a +0 pair of boots (worn)
 u - a +0 cloak (worn)
Jewellery
 f - an amulet of regeneration (around neck)
 g - a ring of protection from fire (left hand)
 o - a ring of protection from fire (right hand)
Wands
 m - a wand of digging (8)
Scrolls
 b - a scroll of summoning {unknown}
 e - a scroll of enchant weapon
 h - a scroll of amnesia
 k - a scroll of fear {unknown}
 l - a scroll of poison {unknown}
 n - a scroll of identify
 p - a scroll of teleportation {unknown}
 r - a scroll of magic mapping {unknown}
Potions
 d - 2 potions of might
 j - 2 potions of haste


   Skills:
 + Level 5.2 Fighting
 * Level 6.5 Maces & Flails
 + Level 4.8 Armour
 + Level 0.8 Dodging
 + Level 4.3 Shields


You had 5 spell levels left.
You didn't know any spells.
Your spell library contained the following spells:

 Spells                   Type           Power      Damage    Failure   Level
 Ensorcelled Hibernation  Hex/Ice        0%         N/A       100%        2
 Passwall                 Tmut/Erth      0%         N/A       100%        2
 Frozen Ramparts          Ice            0%         1d1       100%        3
 Spider Form              Tmut/Pois      0%         N/A       100%        3
 Swiftness                Air            0%         N/A       100%        3
 Anguish                  Hex/Necr       0%         N/A       100%        4
 Ice Form                 Ice/Tmut       0%         N/A       100%        4
 Summon Ice Beast         Ice/Summ       0%         N/A       100%        4


Dungeon Overview and Level Annotations

Branches:
Dungeon (4/15)
 Temple: D:4-7

Altars:


Innate Abilities, Weirdness & Mutations

You have a pair of horns on your head.
You reflexively headbutt those who attack you in melee.


Message History

The orc wizard attacks as you move away!
The orc wizard hits you but does no damage.
Things that are here:
a +0 short sword; an orc corpse You bump into the rock wall.
You feel less confused. The orc barely misses you.
You sock the orc!
You kill the orc!
You are too injured to fight recklessly!
You are too injured to fight recklessly!
You are too injured to fight recklessly!
You are too injured to fight recklessly!
It was a potion of degeneration.
There was something very wrong with that liquid.
You feel weakened.
You feel dopey.
You feel clumsy. The orc hits you but does no damage.
The orc attacks as you move away! The orc hits you but does no damage.
You see here a +0 club.
You barely miss the orc. You headbutt the orc.
The orc is severely wounded.
The orc hits you with a +0 club.
The orc wizard gestures wildly while chanting.
The orc wizard flickers and vanishes!
Deactivating autopickup; reactivate with Ctrl-A.
You hit the orc but do no damage.
The orc is severely wounded.
The orc hits you but does no damage. The ogre hits you with a +0 giant club!
* * * LOW HITPOINT WARNING * * *
You hit the orc but do no damage. Your headbutt misses the orc.
The orc is severely wounded.
You sock something!
Reactivating autopickup.
You feel a bit more experienced. The ogre hits you with a +0 giant club!
* * * LOW HITPOINT WARNING * * *
You barely miss the orc.
The orc is severely wounded.
The orc barely misses you. You furiously retaliate!
You headbutt the orc, but do no damage. The ogre hits you with a +0 giant club!
You die...

# ## # ..#### ...... ..##
#### ##### ##### ####...
#...###O..###..)###...##.
##.#)o@..#.###.#.....#.
#.))#...#...#...# #..
#...#####...#...#####..
#...# #...#...#...#..
##.#.. .#.###.#.....#.
.###...###...###...##. ..
###.#.... #.###.## ...
..#...#.. ..# #### .
#####.. ..#


You could see an ogre and an orc.

Vanquished Creatures
  A phantom (D:4)
  A scorpion (D:4)
  A howler monkey (D:4)
  2 orc priests (D:3)
  Crazy Yiuf (D:3)
  Jessica (D:2)
  An orc wizard (D:4)
  4 adders
  2 dart slugs
  8 orcs
  2 ball pythons
  4 endoplasms
  2 giant cockroaches (D:2)
  6 goblins
  5 hobgoblins
  6 jackals
  4 kobolds
  5 quokkas
  6 bats
  5 frilled lizards
  7 rats
74 creatures vanquished.

Vanquished Creatures (others)
  3 fungi (D:3)
3 creatures vanquished.

Grand Total: 77 creatures vanquished

Notes
Turn   | Place    | Note
-------+----------+-------------------------------------------
     0 | D:1      | Demigod47 the Minotaur Fighter began the quest for the Orb.
     0 | D:1      | Reached XP level 1. HP: 19/19 MP: 0/0
   180 | D:1      | Reached XP level 2. HP: 26/27 MP: 1/1
   525 | D:2      | Reached skill level 3 in Maces & Flails
   525 | D:2      | Reached XP level 3. HP: 33/33 MP: 2/2
   698 | D:2      | Noticed Jessica
   703 | D:2      | Killed Jessica
   704 | D:2      | Reached XP level 4. HP: 41/41 MP: 3/3
  1061 | D:3      | Reached skill level 4 in Maces & Flails
  1093 | D:3      | Reached XP level 5. HP: 45/47 MP: 4/4
  1418 | D:3      | Reached skill level 5 in Maces & Flails
  1654 | D:3      | Found a runed translucent door.
  1655 | D:3      | Noticed Crazy Yiuf
  1660 | D:3      | Killed Crazy Yiuf
  1726 | D:4      | Reached XP level 6. HP: 55/55 MP: 5/5
  1767 | D:4      | Reached skill level 5 in Fighting
  1767 | D:4      | Reached skill level 6 in Maces & Flails
  1855 | D:4      | Slain by an ogre

Illustrated notes

Levels and vault maps discovered:
D:1:      sevenhm_arrival_forest_fort_small_4, layout_basic
D:2:      layout_rooms, uniq_jessica
D:3:      layout_basic, grunt_ministairs_4, uniq_crazy_yiuf_cottage
D:4:      nicolae_cairo_tiling, layout_basic, mainiacjoe_overflow_alcove_4,
          mainiacjoe_overflow_paths, nicolae_ru_sacrificial_ziggurat,
          uniq_blork_the_orc

Skill      XL: |  1  2  3  4  5  6 |
---------------+-------------------+-----
Fighting       | 4 5 |  5.2
Armour         | 4 |  4.8
Maces & Flails | 3 4 5 6 |  6.5
Shields        | 4 |  4.3
Dodging        | |  0.8

Action                   |  1- 3 |  4- 6 || total
-------------------------+-------+-------++-------
Melee: Flail             |    78 |   107 ||   185
       Headbutt          |     9 |    22 ||    31
  Use: Potion            |       |     4 ||     4
       Scroll            |       |     2 ||     2
Armor: Scale mail        |    70 |     1 ||    71
       Chain mail        |       |    84 ||    84
Dodge: Dodged            |    61 |    33 ||    94
Block: Buckler           |    23 |    23 ||    46
